 Dungeon Crawl Stone Soup version 0.31.0-32-g396128a36d (webtiles) character file.

Game seed: 1510382538754627741

130 RatsInWalls the Ruffian (level 4, 0/51 HPs)
             Began as a Demonspawn Shapeshifter on Mar 10, 2024.
             Slain by Terence
             ... wielding a +6 hand axe of freezing
              (3 damage)
             ... on level 3 of the Dungeon.
             The game lasted 00:07:11 (2510 turns).

RatsInWalls the Ruffian (Demonspawn Shapeshifter)   Turns: 2510, Time: 00:07:13

Health: 0/51       AC: 22    Str: 15    XL:     4   Next: 89%
Magic:  4/4        EV:  2    Int: 10    God:
Gold:   98         SH:  0    Dex: 14    Spells: 3/3 levels left

rFire   . . .        h - +3 dagger
rCold   . . .        (no shield)
rNeg    . . .        a - melded +0 animal skin
rPois   +            (helmet currently unavailable)
rElec   .            (cloak currently unavailable)
rCorr   .            (gloves currently unavailable)
SInv    +            (boots currently unavailable)
Will    .....        (no amulet)
Stlth   +            r - ring of see invisible
HPRegen 0.28/turn    (no ring)
MPRegen 0.09/turn

%: no passive effects
@: tree-form
A: stationary, stasis, torment immunity, boosted hp, (spiny 1)
a: no special abilities


You were on level 3 of the Dungeon.
You were a tree.
You visited 1 branch of the dungeon, and saw 3 of its levels.

You collected 98 gold pieces.

Inventory:

Hand Weapons
 h - a +3 dagger (weapon)
Missiles
 o - 41 stones (quivered)
Armour
 a - a +0 animal skin (melded)
 g - a +1 pair of gloves
 k - a +0 ring mail
 t - a +0 cloak
Jewellery
 r - a ring of see invisible (left branch)
Talismans
 c - a beast talisman
 d - a flux talisman
Scrolls
 e - 2 scrolls of acquirement {unknown}
 f - a scroll of blinking {unknown}
 j - a scroll of immolation {unknown}
 l - a scroll of amnesia {unknown}
 m - a scroll of fear {unknown}
 q - a scroll of silence
 s - a scroll of identify {unknown}
 v - a scroll of fog {unknown}
 w - a scroll of noise {unknown}
 x - a scroll of vulnerability {unknown}
Potions
 b - a potion of lignification
 i - a potion of haste {unknown}
 n - a potion of degeneration {unknown}
 p - a potion of ambrosia {unknown}


   Skills:
 + Level 2.3 Fighting
 - Level 1.0 Short Blades
 + Level 2.6 Dodging
 + Level 0.0 Stealth
 + Level 3.3 Unarmed Combat
 + Level 3.2 Shapeshifting


You had 3 spell levels left.
You didn't know any spells.
Your spell library contained the following spells:

 Spells                   Type           Power      Damage    Failure   Level
 Summon Small Mammal      Summ           0%         N/A       36%         1
 Call Canine Familiar     Summ           0%         N/A       75%         3
 Sigil of Binding         Hex            0%         N/A       75%         3
 Dimensional Bullseye     Hex/Tloc       0%         N/A       98%         4
 Summon Blazeheart Golem  Fire/Summ      0%         N/A       98%         4


Dungeon Overview and Level Annotations

Branches:
Dungeon (3/15)

Altars:
Uskayaw

Annotations:
D:1 1 runed translucent door
D:2 1 runed translucent door, Crazy Yiuf
D:3 3 runed translucent doors, SuccubiThighs's ghost, amateur OnGl; Terence


Innate Abilities, Weirdness & Mutations

You are a tree.
Your roots penetrate the ground, keeping you stationary.
You cannot be teleported.
You are immune to unholy pain and torment.
Your maximum health is greatly increased.
Your equipment is partially melded.
((You are partially covered in sharp spines.))


Message History

You completely miss Terence.
Terence is heavily wounded.
Terence hits you but does no damage.
You barely miss Terence.
Terence is heavily wounded.
Terence hits you with a +6 hand axe of freezing.
* * * LOW HITPOINT WARNING * * *
Terence freezes you.
* * * LOW HITPOINT WARNING * * *
You barely miss Terence.
Terence is heavily wounded.
Terence hits you with a +6 hand axe of freezing.
* * * LOW HITPOINT WARNING * * *
Terence freezes you.
* * * LOW HITPOINT WARNING * * *
It was a potion of curing.
You feel better. Terence hits you but does no damage.
You barely miss Terence.
Terence is heavily wounded.
Terence hits you but does no damage.
You completely miss Terence.
Terence is heavily wounded.
Terence hits you with a +6 hand axe of freezing.
* * * LOW HITPOINT WARNING * * *
Terence freezes you.
* * * LOW HITPOINT WARNING * * *
You feel better. Terence hits you but does no damage.
You hit Terence.
Terence is severely wounded.
Terence hits you with a +6 hand axe of freezing.
* * * LOW HITPOINT WARNING * * *
Terence freezes you.
* * * LOW HITPOINT WARNING * * *
You hit Terence. You punch Terence, but do no damage.
Terence is almost dead.
Terence hits you with a +6 hand axe of freezing.
* * * LOW HITPOINT WARNING * * *
Terence freezes you.
You die...
Terence says, "That felt goooood."

#. .... #. #..# #. #..#
#. #..# ######.######
#..# #.....).....#######
#..##
#.###..†...........
#....
#.>####@#######.#####.##
.......##♣# #.......†..
..#####.##.# #.###.##.##
#. #.##.# #. #....#
#.######.##.# #.###.####
......)....# #.....#
.######.#### ##..#.# #.#
#####..#.# #.#
#........# #.#
#.###..#.#


You could see Terence.

Vanquished Creatures
  An orc wizard (D:3)
  4 adders
  A dart slug (D:2)
  A ribbon worm (D:2)
  4 orcs (D:3)
  2 bats
  4 endoplasms
  3 giant cockroaches
  8 goblins
  10 hobgoblins
  2 jackals (D:3)
  2 quokkas
  2 ball pythons
  4 frilled lizards
  6 kobolds
  2 rats (D:3)
56 creatures vanquished.

Notes
Turn   | Place    | Note
-------+----------+-------------------------------------------
     0 | D:1      | RatsInWalls the Demonspawn Shapeshifter began the quest for
                  | the Orb.
     0 | D:1      | Reached XP level 1. HP: 15/15 MP: 1/1
     1 | D:1      | Found a runed translucent door.
   116 | D:1      | Gained mutation: You are partially covered in sharp spines.
                  | [demonic ancestry]
   116 | D:1      | Reached XP level 2. HP: 21/21 MP: 2/2
   770 | D:2      | Found a hide-covered altar of Uskayaw.
   977 | D:2      | Reached XP level 3. HP: 25/26 MP: 3/3
  1199 | D:2      | Reached skill level 1 in Short Blades
  1440 | D:2      | Found a runed translucent door.
  1441 | D:2      | Noticed Crazy Yiuf
  1842 | D:3      | Reached XP level 4. HP: 20/33 MP: 4/4
  2428 | D:3      | Found a runed translucent gate.
  2428 | D:3      | Found a runed translucent gate.
  2428 | D:3      | Found a runed translucent gate.
  2428 | D:3      | Noticed SuccubiThighs's ghost (amateur OnGl)
  2428 | D:3      | Noticed a kobold brigand
  2490 | D:3      | Noticed Terence
  2504 | D:3      | HP: 2/51 [Terence/+6 hand axe of freezing (2)]
  2510 | D:3      | Slain by Terence

Illustrated notes

Levels and vault maps discovered:
D:1:      dpeg_arrival_caged_fury, layout_loops_ring,
          chequers_serial_rivers_room_b, minmay_tromino_v4_b
D:2:      layout_basic, basic_altar, minmay_goblin_outpost,
          uniq_crazy_yiuf_cottage
D:3:      layout_loops_ring, gammafunk_ghost_nasty_kobolds, uniq_terence

Skill      XL: |  1  2  3 |
---------------+----------+-----
Dodging        | 2 |  2.6
Short Blades   | 1 |  1.0
Unarmed Combat | 3 |  3.3
Shapeshifting  | 3 |  3.2
Fighting       | 2 |  2.3

Action                     |  1- 3 |  4- 6 || total
---------------------------+-------+-------++-------
  Melee: Unarmed           |    27 |       ||    27
         Dagger            |    70 |    57 ||   127
         Punch             |       |     1 ||     1
    Use: Potion            |       |     3 ||     3
         Scroll            |       |     1 ||     1
   Stab: Sleeping          |       |     1 ||     1
 Armour: Animal skin       |    45 |    21 ||    66
         Skin              |       |    11 ||    11
  Dodge: Dodged            |    48 |    27 ||    75
